 Dungeon Crawl Stone Soup version 0.29.0-13-gc9e81de378 (webtiles) character file.

Game seed: 3994966498361815143

4305 NinjaNoafa the Geomancer (level 10, -3/54 (56) HPs)
             Began as a Gargoyle Earth Elementalist on Sept 9, 2022.
             Was an Initiate of Gozag.
             Killed by a bolt of negative energy (15 damage)
             ... invoked by the anger of Yredelemnul
             ... on level 9 of the Dungeon.
             The game lasted 00:24:41 (10227 turns).

NinjaNoafa the Geomancer (GrEE)                    Turns: 10227, Time: 00:24:42

HP:   -3/54 (56)    AC: 12    Str: 12    XL:     10   Next: 32%
MP:   17/17         EV: 12    Int: 26    God:    Gozag
Gold: 351           SH:  7    Dex:  9    Spells: 9/19 levels left

rFire   . . .      SeeInvis .   w - +5 hand axe
rCold   . . .      Faith    .   b - +3 buckler
rNeg    + . .      Spirit   .   a - +0 robe
rPois   ∞          Reflect  .   f - +1 helmet {Int+3}
rElec   +          Harm     .   (no cloak)
rCorr   +          Rampage  .   k - +0 pair of gloves
Will    .....                   (no boots)
Stlth   ++........              J - amulet of magic regeneration
HPRegen 0.18/turn               s - ring of flight
MPRegen 0.55/turn               o - ring of resist corrosion

@: flying, lightly drained
A: sickness immunity, AC +7, negative energy resistance 1, electricity
resistance, torment resistance 1, petrification resistance, clever 1, screaming
1
a: Renounce Religion, Potion Petition, Call Merchant, Bribe Branch


You were on level 9 of the Dungeon.
You worshipped Gozag.
Gozag was aware of your devotion.
You visited 2 branches of the dungeon, and saw 10 of its levels.

You collected 704 gold pieces.
You spent 228 gold pieces at shops.
You paid 125 gold pieces to Gozag.

Inventory:

Hand Weapons
 w - a +5 hand axe (weapon)
Missiles
 d - 103 stones
 g - a throwing net
 r - 3 boomerangs
 z - 6 curare-tipped darts
 C - 6 poisoned darts
Armour
 a - a +0 robe (worn)
 b - a +3 buckler (worn)
 f - a +1 helmet of intelligence (worn)
 k - a +0 pair of gloves (worn)
Jewellery
 h - an amulet of faith
 o - a ring of resist corrosion (right hand)
 s - a ring of flight (left hand)
 J - an amulet of magic regeneration (around neck)
Wands
 l - a wand of flame (16)
 B - a wand of roots (5)
 G - a wand of polymorph (6)
 H - a wand of charming (40)
Scrolls
 c - 3 scrolls of fog
 e - a scroll of identify
 i - 3 scrolls of magic mapping
 n - a scroll of torment
 t - a scroll of noise
 u - 5 scrolls of amnesia
 E - 2 scrolls of vulnerability
 F - 2 scrolls of immolation
Potions
 j - a potion of might
 p - 2 potions of invisibility
 q - a potion of mutation
 v - a potion of degeneration
 A - a potion of lignification
 I - a potion of cancellation


   Skills:
 - Level 3.0 Fighting
 - Level 4.0 Dodging
 - Level 2.1 Stealth
 - Level 4.0 Shields
 - Level 5.0 Spellcasting
 + Level 6.4 Conjurations
 + Level 6.5 Transmutations
 - Level 9.0 Earth Magic
 + Level 1.5 Evocations


You had 9 spell levels left.
You knew the following spells:

 Your Spells              Type           Power      Damage    Failure   Level
a - Sandblast             Erth           100%       2d20      1%          1
b - Passwall              Tmut/Erth      38%        N/A       1%          2
c - Stone Arrow           Conj/Erth      92%        3d12      1%          3
d - Petrify               Tmut/Erth      46%        N/A       4%          4

Your spell library contained the following spells:

 Spells                   Type           Power      Damage    Failure   Level
 Conjure Flame            Conj/Fire      23%        6-21      8%          3
 Ignite Poison            Fire/Tmut/Pois 17%        N/A       12%         3
 Blink                    Tloc           12%        N/A       14%         2
 Ensorcelled Hibernation  Hex/Ice        12%        N/A       14%         2
 Sticky Flame             Conj/Fire      23%        2d4       26%         4
 Gell's Gravitas          Tloc           6%         N/A       28%         3
 Lesser Beckoning         Tloc           6%         N/A       28%         3
 Swiftness                Air            6%         N/A       28%         3
 Teleport Other           Tloc           6%         N/A       28%         3
 Anguish                  Hex/Necr       3%         N/A       67%         4
 Manifold Assault         Tloc           6%         N/A       95%         5
 Dispersal                Tloc           3%         N/A       100%        6
 Enfeeble                 Hex            3%         N/A       100%        7


Dungeon Overview and Level Annotations

Branches:
Dungeon (9/15)             Temple (1/1) D:4
   Lair: D:8-11         Orc: D:9-12

Altars:
Ashenzari
Cheibriados
Dithmenos
Elyvilon
Fedhas
Gozag
Hepliaklqana
Kikubaaqudgha
Makhleb
Okawaru
Qazlal
Ru
Sif Muna
Trog
Uskayaw
Vehumet
Wu Jian
Yredelemnul
Zin
The Shining One

Shops:
D:2 [   D:5 [


Innate Abilities, Weirdness & Mutations

You are immune to sickness and miasma.
Your stone body is resilient. (AC +7)
You are immune to poison.
You resist negative energy. (rN+)
You are resistant to electric shocks. (rElec)
You are resistant to unholy torment.
You are immune to petrification.
Your mind is acute. (Int +4, Str/Dex -1)
You occasionally shout uncontrollably at your foes.


Message History

A scorpion comes into view.
The killer bee stings you.
* * * LOW HITPOINT WARNING * * *
The killer bee closely misses you.
Unknown command.
Okay, then.
Your surroundings suddenly seem different.
A bullfrog comes into view. x2
You yell at the bullfrog!
The bullfrog croaks.
You hear a howl!
The bullfrog croaks.
You hear an angry hiss.
You feel a bit more experienced.
A water moccasin comes into view.
As you read the scroll of teleportation, it crumbles to dust.
You feel strangely unstable.
The howler monkey hoots and howls with incredible vigour!
The bullfrog snags a nearby millipede with its tongue.
The air fills with toxic fumes!
As you read the scroll of poison, it crumbles to dust.
The bullfrog misses you. You block the bullfrog's attack.
You slash the bullfrog!
The bullfrog is moderately wounded.
Your surroundings suddenly seem different.
A gnoll comes into view. It is wielding a +0 club.
Found 15 gold pieces.
The gnoll shouts!
You hear a shout!
A hornet comes into view.
Found a twisted citrine amulet and 6 poisoned darts.
Found a stone staircase leading down.
The hornet buzzes angrily.
Okay, then.
Blink to where?
Press: ? - help, Dir - move target
Found a falchion.
Found a stone staircase leading up.
As you read the scroll of blinking, it crumbles to dust.
h - an amulet of faith Yredelemnul's anger turns toward you for a moment.
The bolt of negative energy hits you! You partially resist.
You feel drained.
You die...
Your body crumbles into a pile of gold.

.....# #...........#
#...<.......# .#
####...).......# ..#
..........##...##..#
$
..........##.......#
#.......##........
#.......##........
#(...@..##g.......
#.....>.##........
#.......##........ $
#....y..##........
#.......##....$...
#.......##........
#.................
..................
##################


You could see a hornet and the anger of Yredelemnul (unaware).

Vanquished Creatures
  Prince Ribbit (D:5)
  A shadow (D:7)
  Eustachio (D:5)
  A human (D:3)
  A water moccasin (D:6)
  2 black bears
  4 ogres
  2 centaurs
  2 bullfrogs
  8 scorpions
  17 wights
  11 killer bees
  2 jellies
  An orc priest (D:5)
  2 hounds
  Jessica (D:2)
  An iguana (D:6)
  An orc wizard (D:6)
  9 gnolls
  8 adders
  2 white imps
  An ufetubus (D:6)
  2 worms
  4 dart slugs
  18 orcs
  5 ball pythons
  10 endoplasms
  6 giant cockroaches
  9 goblins
  6 hobgoblins
  6 quokkas
  4 bats (D:1)
  3 frilled lizards
  A jackal zombie (D:3)
  6 kobolds
  5 rats
  A butterfly (D:5)
165 creatures vanquished.

Vanquished Creatures (collateral kills)
  Duvessa (D:6)
  Dowan (D:6)
  2 killer bees (D:8)
  A howler monkey (D:9)
  3 orc priests (D:6)
  An adder (D:6)
  A worm (D:3)
  3 orcs
  2 giant cockroaches (D:5)
  A goblin (D:3)
  A butterfly (D:5)
17 creatures vanquished.

Vanquished Creatures (others)
  A gargoyle (D:9)
  A water moccasin zombie (D:6)
  A howler monkey (D:9)
  A centaur zombie (D:6)
  A hound zombie (D:5)
  A spectral white imp (D:7)
  2 adder zombies
  2 dart slug zombies
  An endoplasm zombie (D:3)
  A giant cockroach zombie (D:5)
  2 goblin zombies (D:3)
  7 orc zombies
  A spectral ufetubus (D:6)
  34 fungi (D:9)
  34 plants
90 creatures vanquished.

Grand Total: 272 creatures vanquished

Notes
Turn   | Place    | Note
-------+----------+-------------------------------------------
     0 | D:1      | NinjaNoafa the Gargoyle Earth Elementalist began the quest
                  | for the Orb.
     0 | D:1      | Reached XP level 1. HP: 10/10 MP: 3/3
    52 | D:1      | Found a faded altar of an unknown god.
   288 | D:1      | Reached XP level 2. HP: 15/15 MP: 3/5
   528 | D:1      | Reached skill level 1 in Conjurations
   627 | D:1      | Reached skill level 4 in Earth Magic
   812 | D:1      | Reached XP level 3. HP: 19/19 MP: 4/7
  1593 | D:2      | Noticed Jessica
  1600 | D:2      | Reached XP level 4. HP: 20/24 MP: 3/8
  1605 | D:2      | Killed Jessica
  1785 | D:2      | Found a stormy altar of Qazlal.
  1787 | D:2      | Found Urirph's Armour Boutique.
  1797 | D:2      | Bought a +0 buckler for 63 gold pieces
  2023 | D:3      | Reached XP level 5. HP: 28/28 MP: 4/9
  2100 | D:3      | Reached skill level 1 in Shields
  2360 | D:3      | Found a runed translucent door.
  2360 | D:3      | Noticed a human
  2366 | D:3      | Found a basalt altar of Yredelemnul.
  2384 | D:3      | Killed a human
  2385 | D:3      | Reached skill level 1 in Transmutations
  2385 | D:3      | Reached XP level 6. HP: 29/32 MP: 4/10
  2396 | D:3      | Became a worshipper of Yredelemnul the Dark
  2591 | D:3      | Reached * piety under Yredelemnul
  3402 | D:4      | Reached XP level 7. HP: 36/36 MP: 7/11
  3485 | D:4      | Identified the +3 dagger of the Countless Tales {holy, rC+
                  | MP+9 Str+4 Dex-4}
  3879 | D:4      | Found a staircase to the Ecumenical Temple.
  3885 | Temple   | Entered the Ecumenical Temple
  4236 | D:5      | Entered Level 5 of the Dungeon
  4788 | D:5      | Found an ornate altar of the Wu Jian Council.
  4933 | D:5      | Found a runed translucent door.
  4935 | D:5      | Found a runed translucent door.
  4963 | D:5      | Gained mutation: You occasionally shout uncontrollably at
                  | your foes. [potion of mutation]
  4963 | D:5      | Gained mutation: Your mind is acute. (Int +4, Str/Dex -1)
                  | [potion of mutation]
  4963 | D:5      | Found Ycwy's Antique Armour Shop.
  5211 | D:5      | Bought a glowing helmet for 165 gold pieces
  5267 | D:5      | Noticed Prince Ribbit
  5277 | D:5      | Killed Prince Ribbit
  5278 | D:5      | Reached skill level 5 in Earth Magic
  5366 | D:5      | Reached XP level 8. HP: 41/41 MP: 9/12
  5387 | D:5      | Found a white marble altar of Elyvilon.
  5387 | D:5      | Noticed Eustachio
  5396 | D:5      | Reached skill level 5 in Conjurations
  5398 | D:5      | Killed Eustachio
  5493 | D:5      | Reached skill level 6 in Earth Magic
  5495 | D:5      | Reached skill level 5 in Transmutations
  5586 | D:5      | Learned a level 2 spell: Passwall
  5590 | D:5      | Learned a level 3 spell: Stone Arrow
  5666 | D:5      | Reached skill level 7 in Earth Magic
  6206 | D:6      | Reached skill level 5 in Spellcasting
  6369 | D:6      | Reached XP level 9. HP: 45/45 MP: 9/16
  6426 | D:6      | Noticed Dowan
  6426 | D:6      | Noticed Duvessa
  6430 | D:6      | Killed Dowan
  6436 | D:6      | Killed Duvessa
  6440 | D:6      | Reached ** piety under Yredelemnul
  6441 | D:6      | Reached skill level 8 in Earth Magic
  6750 | D:6      | Reached *** piety under Yredelemnul
  6925 | D:6      | Reached skill level 9 in Earth Magic
  6925 | D:6      | Reached skill level 1 in Fighting
  8056 | D:7      | Found a shimmering blue altar of Sif Muna.
  8061 | D:7      | Found a blossoming altar of Fedhas.
  8061 | D:7      | Found an opulent altar of Gozag.
  8411 | D:7      | Found a broken altar of Ashenzari.
  8556 | D:7      | Reached XP level 10. HP: 56/56 MP: 1/17
  8855 | D:7      | Fell from the grace of Yredelemnul
  8855 | D:7      | Became a worshipper of Gozag Ym Sagoz the Greedy
  9389 | D:8      | Reached skill level 1 in Evocations
 10134 | D:9      | Learned a level 4 spell: Petrify
 10192 | D:9      | Noticed a gargoyle
 10227 | D:9      | Killed by a bolt of negative energy

Illustrated notes

Levels and vault maps discovered:
D:1:      wander_arrival_peaceful_grave, layout_basic,
          ebering_ecumenical_altar_webs, serial_corexii_hall,
          corexii_hall_statues_deadend, corexii_hall_statues_i,
          minmay_misc_feat_encased, minivault_14
D:2:      layout_rooms, basic_altar, serial_shops, shop, kennysheep_boxes,
          uniq_jessica
D:3:      minmay_spotlight, layout_loops_ring, dk_yredelemnul_ordeal,
          minmay_joined_circles
D:4:      layout_basic, minmay_temple_entry_metal_lava
D:5:      lemuel_insect_pit, layout_basic, mainiacjoe_overflow_tiny_flanked,
          mainiacjoe_overflow_chevrons, serial_shops, nicolae_square_shop,
          serial_bayou_ford_a, uniq_eustachio, uniq_prince_ribbit1
D:6:      layout_rooms, uniq_duvessa
D:7:      layout_cave_pods, lemuel_round_altar, grunt_temple_overflow_open
D:8:      layout_gridville
D:9:      layout_long_grid, due_lair_maze_entry_diamond,
          kennysheep_cross_bottleneck, kennysheep_donut
Temple:   hellmonk_temple_forest_ring

Skill      XL: |  1  2  3  4  5  6  7  8  9 10 |
---------------+-------------------------------+-----
Conjurations   | 1 2 3 4 5 6 |  6.4
Earth Magic    | 4 5 7 9 |  9.0
Spellcasting   | 3 5 |  5.0
Shields        | 3 4 |  4.0
Transmutations | 1 3 4 5 6 |  6.5
Dodging        | 2 4 |  4.0
Fighting       | 3 |  3.0
Evocations     | 1 |  1.5
Stealth        | |  2.1

Action                   |  1- 3 |  4- 6 |  7- 9 | 10-12 || total
-------------------------+-------+-------+-------+-------++-------
Melee: Unarmed           |     9 |       |       |       ||     9
       Whip              |       |    10 |    43 |     6 ||    59
       Hand axe          |       |       |       |     5 ||     5
Throw: Boomerang         |       |       |     3 |       ||     3
 Cast: Sandblast         |    51 |    64 |    78 |     4 ||   197
       Stone Arrow       |       |       |    50 |    30 ||    80
       Passwall          |       |       |     4 |     1 ||     5
       Petrify           |       |       |       |     4 ||     4
Evoke: Wand              |       |       |       |     7 ||     7
  Use: Potion            |       |     1 |    12 |       ||    13
       Scroll            |       |       |    15 |     9 ||    24
Armor: Robe              |     8 |     7 |    45 |    27 ||    87
       Skin              |       |       |     1 |       ||     1
Dodge: Dodged            |    17 |    24 |    74 |    41 ||   156
Block: Other             |     4 |     1 |       |       ||     5
       Buckler           |       |    17 |    88 |    24 ||   129
       Reflection        |       |     1 |     4 |       ||     5
